 Dungeon Crawl Stone Soup version 0.20.1-1-g8b1a95d (webtiles) character file.

632 Linguinho the Covered (level 7, 0/55 HPs)
             Began as a Demonspawn Fighter on Nov 9, 2017.
             Slain by Duvessa
             ... wielding a +0 short sword
              (9 damage)
             ... on level 5 of the Dungeon.
             The game lasted 00:06:04 (3474 turns).

Linguinho the Covered (Demonspawn Fighter)          Turns: 3474, Time: 00:06:05

Health: 0/55       AC:  8    Str: 18    XL:     7   Next: 24%
Magic:  7/7        EV:  7    Int:  9    God:
Gold:   175        SH:  9    Dex: 13    Spells: 6/6 levels left

rFire    . . .     SeeInvis .   B - +1 trident (flame)
rCold    . . .     Gourm    .   c - +0 shield
rNeg     . . .     Faith    .   b - +0 scale mail
rPois    .         Spirit   .   (no helmet)
rElec    .         Reflect  .   (no cloak)
rCorr    .         Harm     .   (no gloves)
MR       .....                  (no boots)
Stlth    ..........             (no amulet)
Regen    0.2/turn               (no ring)
MPRegen  0.1/turn               (no ring)

@: no status effects
A: rugged brown scales 1, spiny 1
a: no special abilities


You were on level 5 of the Dungeon.
You were not hungry.

You visited 1 branch of the dungeon, and saw 5 of its levels.

You collected 175 gold pieces.

Inventory:

Hand Weapons
 a - a +0 war axe
 n - a +0 mace of crushing
 B - a +1 trident of flaming (weapon)
Missiles
 z - 8 exploding tomahawks (quivered)
Armour
 b - a +0 scale mail (worn)
 c - a +0 shield (worn)
Jewellery
 e - an uncursed ring of fire {unknown}
 o - a cursed ring of loudness {unknown}
 G - an uncursed ring of protection from cold {unknown}
Scrolls
 d - 2 scrolls of fog {unknown}
 h - a scroll of teleportation {unknown}
 i - 2 scrolls of enchant armour {unknown}
 j - 2 scrolls of recharging {unknown}
 k - 8 scrolls of identify {unknown}
 l - a scroll of magic mapping {unknown}
 m - 3 scrolls of remove curse {unknown}
 p - a scroll of fear {unknown}
 s - 2 scrolls of blinking {unknown}
 y - 2 scrolls of immolation {unknown}
 A - a scroll of enchant weapon {unknown}
 C - a scroll of amnesia {unknown}
Potions
 q - a potion of lignification {unknown}
 r - 2 potions of agility {unknown}
 t - a potion of berserk rage {unknown}
 v - a potion of degeneration {unknown}
 x - a potion of curing {unknown}
 D - a potion of heal wounds {unknown}
 E - a potion of might
 F - a potion of brilliance {unknown}
Comestibles
 f - 2 bread rations
 g - 3 meat rations
 u - 8 fruits
 w - 3 royal jellies


   Skills:
 + Level 4.0 Fighting
 + Level 4.1(4.3) Axes
 + Level 1.4(3.0) Polearms
 + Level 4.3 Armour
 - Level 1.0 Dodging
 - Level 1.2 Stealth
 + Level 4.2 Shields


You had 6 spell levels left.
You didn't know any spells.

Dungeon Overview and Level Annotations

Branches:
Dungeon (5/15)
 Temple: D:4-7

Altars:
Nemelex Xobeh
Qazlal
Vehumet
The Shining One

Annotations:
D:5 Duvessa


Innate Abilities, Weirdness & Mutations

You are partially covered in rugged brown scales. (AC +1, +3% HP)
You are partially covered in sharp spines.


Message History

Duvessa is moderately wounded.
Duvessa is struck by your spines. Duvessa hits you with a short sword.
* * * LOW HITPOINT WARNING * * *
Duvessa hits you but does no damage.
You barely miss Duvessa.
Duvessa is moderately wounded.
Duvessa is struck by your spines. Duvessa hits you but does no damage.
You block Duvessa's attack.
You hit Duvessa. You burn Duvessa.
Duvessa is heavily wounded.
Duvessa closely misses you. Duvessa hits you with a short sword.
* * * LOW HITPOINT WARNING * * *
You hit Duvessa. You burn Duvessa.
Duvessa is severely wounded.
You block Duvessa's attack. Duvessa hits you with a short sword.
* * * LOW HITPOINT WARNING * * *
You closely miss Duvessa.
Duvessa is severely wounded.
Duvessa is struck by your spines. Duvessa hits you with a short sword!
You die...

#########
##############%.......
#...#...#....#........
#...'...#....#........
#...#...#....#........
#...#..)#....#.)......
#..###'###...'@e..#
#..##...##...#....#
#.......##...#....#
#............#.......
#####........#....#..#
#..##...##...#........
#.......##...#########
#.......#....+
#..###..##...#


You could see Duvessa (berserk).

Vanquished Creatures
  The ghost of Linguinho the Covered, an amateur DsFi of Ashenzari (D:4)
  Eustachio (D:4)
  Dowan (D:5)
  Terence (D:2)
  An iguana (D:4)
  A worker ant (D:4)
  4 gnolls
  4 adders
  3 oozes
  2 worms
  A dart slug (D:2)
  4 leopard geckos
  2 orcs (D:4)
  15 giant cockroaches
  7 goblins
  7 hobgoblins
  4 jackals (D:5)
  A kobold (D:2)
  2 quokkas (D:3)
  8 bats
  5 frilled lizards
  A quokka skeleton (D:4)
  7 rats
83 creatures vanquished.

Notes
Turn   | Place    | Note
-------+----------+-------------------------------------------
     0 | D:1      | Linguinho the Demonspawn Fighter began the quest for the Orb.
     0 | D:1      | Reached XP level 1. HP: 18/18 MP: 1/1
   147 | D:1      | Gained mutation: You are partially covered in rugged brown scales. (AC +1, +3% HP) [demonic ancestry]
   147 | D:1      | Reached XP level 2. HP: 18/24 MP: 2/2
   550 | D:2      | Noticed Terence
   558 | D:2      | Killed Terence
   558 | D:2      | Gained mutation: You are partially covered in sharp spines. [demonic ancestry]
   558 | D:2      | Reached XP level 3. HP: 26/29 MP: 3/3
   804 | D:2      | Reached XP level 4. HP: 30/36 MP: 4/4
   806 | D:2      | Found a faded altar of an unknown god.
  2178 | D:3      | Reached XP level 5. HP: 41/42 MP: 5/5
  2335 | D:4      | Noticed Linguinho's ghost (amateur DsFi)
  2351 | D:4      | Killed Linguinho's ghost
  2351 | D:4      | Reached XP level 6. HP: 33/49 MP: 6/6
  2515 | D:4      | Found a radiant altar of Vehumet.
  2644 | D:4      | Noticed Eustachio
  2659 | D:4      | Killed Eustachio
  2659 | D:4      | Reached skill level 1 in Dodging
  2659 | D:4      | Reached skill level 1 in Stealth
  2724 | D:4      | Reached XP level 7. HP: 55/55 MP: 7/7
  2858 | D:4      | Found a faded altar of an unknown god.
  2858 | D:4      | Found a glowing golden altar of the Shining One.
  2863 | D:4      | Found a sparkling altar of Nemelex Xobeh.
  2865 | D:4      | Found a faded altar of an unknown god.
  2866 | D:4      | Found a stormy altar of Qazlal.
  2977 | D:5      | Entered Level 5 of the Dungeon
  3133 | D:4      | Reached skill level 1 in Polearms
  3458 | D:5      | Noticed Duvessa
  3458 | D:5      | Noticed Dowan
  3464 | D:5      | Killed Dowan
  3474 | D:5      | Slain by Duvessa

Skill      XL: |  1  2  3  4  5  6  7 |
---------------+----------------------+-----
Shields        | 3 4 |  4.2
Axes           | 2 3 4 |  4.1
Armour         | 3 4 |  4.3
Dodging        | 1 |  1.0
Stealth        | 1 |  1.2
Fighting       | 4 |  4.0
Polearms       | 1 |  1.4

Action                   |  1- 3 |  4- 6 |  7- 9 || total
-------------------------+-------+-------+-------++-------
Melee: War axe           |    65 |    52 |       ||   117
       Mace              |    21 |       |       ||    21
       Trident           |       |    51 |    53 ||   104
  Use: Potion            |       |     2 |       ||     2
  Eat: Chunk             |       |     2 |     2 ||     4
       Bread ration      |       |     1 |       ||     1
Armor: Scale mail        |    48 |    40 |    19 ||   107
Dodge: Dodged            |    31 |    26 |    15 ||    72
Block: Shield            |    43 |    60 |    29 ||   132
